 Dungeon Crawl Stone Soup version 0.31-a0-237-g2d982f9f85 (webtiles) character file.

Game seed: 8794670185484869066

50 qw the Shooter (level 3, -2/29 HPs)
             Began as a Minotaur Hexslinger on July 10, 2023.
             Slain by Terence
             ... wielding a +0 hand axe
              (3 damage)
             ... on level 2 of the Dungeon.
             The game lasted 00:00:28 (752 turns).

qw the Shooter (Minotaur Hexslinger)                 Turns: 752, Time: 00:00:28

Health: -2/29      AC:  5    Str: 18    XL:     3   Next: 55%
Magic:  3/3        EV: 11    Int: 10    God:
Gold:   75         SH:  0    Dex: 14    Spells: 3/4 levels left

rFire   . . .        Y - +1 sling
rCold   . . .        (no shield)
rNeg    . . .        j - +0 ring mail
rPois   .            (helmet restricted)
rElec   .            (no cloak)
rCorr   .            (no gloves)
SInv    .            (no boots)
Will    .....        (no amulet)
Stlth   +            g - +6 ring of strength
HPRegen 0.24/turn    (no ring)
MPRegen 0.08/turn

%: no passive effects
@: no status effects
A: horns 2, retaliatory headbutt
a: no special abilities


You were on level 2 of the Dungeon.
You visited 1 branch of the dungeon, and saw 2 of its levels.

You collected 75 gold pieces.


Innate Abilities, Weirdness & Mutations

You have a pair of horns on your head.
You reflexively headbutt those who attack you in melee.


   Skills:
 - Level 2.0 Fighting
 + Level 4.1 Ranged Weapons
 - Level 2.1 Dodging
 - Level 1.0 Spellcasting
 - Level 2.0 Hexes


You had 3 spell levels left.
You knew the following spells:

 Your Spells              Type           Power      Damage    Failure   Level
a - Slow                  Hex            16%        N/A       26%         1

Your spell library contained the following spells:

 Spells                   Type           Power      Damage    Failure   Level
 Inner Flame              Hex/Fire       2%         N/A       77%         3
 Portal Projectile        Hex/Tloc       4%         N/A       77%         3
 Cause Fear               Hex            2%         N/A       95%         4

Inventory:

Hand Weapons
 Y - a +1 sling (weapon)
Armour
 j - a +0 ring mail (worn)
Jewellery
 g - a +6 ring of strength (left hand)
Potions
 e - a potion of haste {unknown}
 f - a potion of might {unknown}
 k - a potion of heal wounds {unknown}

Dungeon Overview and Level Annotations

Branches:
Dungeon (2/15)

Altars:

Annotations:
D:2 Terence


Message History

You shoot a sling bullet.
The sling bullet hits Terence but does no damage.
Terence is lightly wounded.
Terence hits you with a +0 hand axe.
Terence shouts, "DIE!!!"
Terence hits you with a +0 hand axe.
You shoot a sling bullet. The sling bullet hits Terence.
Terence is moderately wounded.
Terence hits you but does no damage.
You shoot a sling bullet. The sling bullet barely misses Terence.
Terence hits you with a +0 hand axe.
You shoot a sling bullet.
The sling bullet hits Terence but does no damage.
Terence is moderately wounded.
Terence shouts, "DIE!!!"
Terence hits you with a +0 hand axe. Terence barely misses you.
You shoot a sling bullet.
The sling bullet completely misses Terence.
Terence hits you with a +0 hand axe!
You shoot a sling bullet.
The sling bullet hits Terence but does no damage.
Terence is moderately wounded.
Terence hits you but does no damage.
You shoot a sling bullet. The sling bullet barely misses Terence.
Terence hits you with a +0 hand axe. Terence barely misses you.
You shoot a sling bullet.
The sling bullet hits Terence but does no damage.
Terence is moderately wounded.
Terence misses you.
You shoot a sling bullet. The sling bullet barely misses Terence.
Terence hits you with a +0 hand axe.
You shoot a sling bullet.
The sling bullet hits Terence but does no damage.
Terence is moderately wounded.
Terence barely misses you. You furiously retaliate!
You headbutt Terence. You shoot a sling bullet.
The sling bullet hits Terence but does no damage.
Terence is heavily wounded.
Terence hits you with a +0 hand axe. x2
You die...

### ##. ....... #... ...
# . ###... #..# ### ..
....# #..# #.. .. #..##
#..# ##.# .. #..# #..#
#..# #.
#..###..######.##
#.##...#...#......##
#.@@.#...#.#.#######
#?..).#........#.#####..
###.# ##................
# #.#.........#....
...#.........<.)..
..........#........
...........#........
....................
.........###.#....


You could see Terence.

Vanquished Creatures
  An adder (D:2)
  A worm (D:2)
  A ball python (D:1)
  4 bats
  4 endoplasms (D:1)
  2 giant cockroaches (D:1)
  6 goblins
  2 hobgoblins (D:1)
  4 kobolds (D:1)
  2 quokkas (D:1)
  4 frilled lizards (D:1)
  5 rats (D:1)
36 creatures vanquished.

Notes
Turn   | Place    | Note
-------+----------+-------------------------------------------
     0 | D:1      | qw the Minotaur Hexslinger began the quest for the Orb.
     0 | D:1      | Reached XP level 1. HP: 16/16 MP: 1/1
     0 | D:1      | 0 ||| qw: Version: 0.3-a-52-g30416fa
     0 | D:1      | 0 ||| qw: Game counter: 5273
     0 | D:1      | 0 ||| qw: Melee chars always use a shield: true
     0 | D:1      | 0 ||| qw: God list: Okawaru
     0 | D:1      | 0 ||| qw: Allow faded altars: false
     0 | D:1      | 0 ||| qw: Do Orc after clearing Dungeon:15 true
     0 | D:1      | 0 ||| qw: Do second Lair branch before Depths: true
     0 | D:1      | 0 ||| qw: Lair rune preference: random
     0 | D:1      | 0 ||| qw: Goals: Normal
     0 | D:1      | 0 ||| PLANNING D:1-11
   137 | D:1      | Reached skill level 3 in Ranged Weapons
   141 | D:1      | Reached XP level 2. HP: 23/23 MP: 2/2
   408 | D:1      | Reached XP level 3. HP: 29/29 MP: 3/3
   630 | D:1      | 630 ||| UPGRADING to +0 ring mail.
   640 | D:1      | 640 ||| DROPPING +0 robe.
   641 | D:1      | 641 ||| UPGRADING to +6 ring of strength.
   642 | D:1      | 642 ||| DROPPING ring of wizardry.
   643 | D:1      | 643 ||| READING scroll labelled MUBBOG KIADD.
   644 | D:1      | 644 ||| READING scroll labelled OROILL NENYONA.
   645 | D:1      | 645 ||| DROPPING scroll of poison.
   730 | D:2      | Noticed Terence
   739 | D:2      | Reached skill level 4 in Ranged Weapons
   746 | D:2      | HP: 5/29 [Terence/+0 hand axe (7)]
   750 | D:2      | HP: 1/29 [Terence/+0 hand axe (3)]
   752 | D:2      | Slain by Terence

Levels and vault maps discovered:
D:1:      minmay_arrival_open_corners, layout_basic
D:2:      layout_rooms, uniq_crazy_yiuf_cottage, uniq_terence

Skill      XL: |  1  2  3 |
---------------+----------+-----
Ranged Weapons | 3 4 |  4.1
Fighting       | 2 |  2.0
Dodging        | |  2.1
Spellcasting   | |  1.0
Hexes          | |  2.0

Action                     || total
---------------------------++-------
   Fire: Sling             ||   122
    Use: Scroll            ||     2
 Armour: Robe              ||     3
         Ring mail         ||     9
  Dodge: Dodged            ||    32

Table legend:
 A = Non-vault XP
 B = Vault XP
 C = Vault XP percentage of total XP
 D = Non-vault monster count
 E = Vault monster count
 F = Vault count percentage of total count
                 A         B        C        D         E       F
            +---------+---------+-------+---------+---------+-------
      Total |      72 |       0 |   0.0 |      36 |       0 |   0.0
            +---------+---------+-------+---------+---------+-------
        D:1 |      48 |       0 |   0.0 |      30 |       0 |   0.0
        D:2 |      24 |       0 |   0.0 |       6 |       0 |   0.0
            +---------+---------+-------+---------+---------+-------
